 Dungeon Crawl Stone Soup version 0.27-a0-1281-ge233d83751 (webtiles) character file.

Game seed: 431918251234083041

43 Delamore the Skirmisher (level 3, 0/30 HPs)
             Began as a Formicid Fighter on June 14, 2021.
             Was a Follower of Nemelex Xobeh.
             Slain by an endoplasm (2 damage)
             ... on level 2 of the Dungeon.
             The game lasted 00:00:57 (920 turns).

Delamore the Skirmisher (Formicid Fighter)           Turns: 920, Time: 00:00:57

Health: 0/30       AC:  6    Str: 21    XL:     3   Next: 82%
Magic:  3/3        EV:  8    Int:  7    God:    Nemelex Xobeh [*.....]
Gold:   62         SH:  9    Dex: 10    Spells: 2/2 levels left

rFire    . . .     SeeInvis +   a - +0 trident
rCold    . . .     Faith    .   c - +0 kite shield
rNeg     . . .     Spirit   .   b - +0 scale mail
rPois    .         Reflect  .   (helmet unavailable)
rElec    .         Harm     .   (no cloak)
rCorr    .         Rampage  .   (no gloves)
Will     .....                  (no boots)
Stlth    ..........             (no amulet)
HPRegen  0.10/turn              (no ring)
MPRegen  0.08/turn              (no ring)

@: mighty
A: permanent stasis, dig shafts and tunnels, antennae 3, four strong arms
a: Dig, Shaft Self, Renounce Religion, Draw Escape, Draw Destruction, Draw
Summoning


You were on level 2 of the Dungeon.
You worshipped Nemelex Xobeh.
Nemelex Xobeh was aware of your devotion.
You visited 1 branch of the dungeon, and saw 2 of its levels.

You collected 62 gold pieces.

Inventory:

Hand Weapons
 a - a +0 trident (weapon)
Armour
 b - a +0 scale mail (worn)
 c - a +0 kite shield (worn)
Scrolls
 f - a scroll of acquirement {unknown}
Potions
 d - 2 potions of might


   Skills:
 + Level 3.9 Fighting
 * Level 3.3 Polearms
 - Level 3.2 Armour
 - Level 3.6 Shields


You had 2 spell levels left.
You didn't know any spells.
Your spell library contained the following spells:

 Spells                   Type           Power      Damage    Failure   Level
 Summon Small Mammal      Summ           0%         N/A       99%         1
 Call Imp                 Summ           0%         N/A       99%         2
 Call Canine Familiar     Summ           0%         N/A       100%        3
 Summon Guardian Golem    Hex/Summ       0%         N/A       100%        3
 Summon Ice Beast         Ice/Summ       0%         N/A       100%        4
 Summon Lightning Spire   Summ/Air       0%         N/A       100%        4


Dungeon Overview and Level Annotations

Branches:
Dungeon (2/15)

Altars:
Nemelex Xobeh


Innate Abilities, Weirdness & Mutations

You cannot be hasted, slowed, berserked, paralysed or teleported.
You can dig through walls and to a lower floor.
You have a pair of large antennae on your head. (SInv)
Your four strong arms can wield two-handed weapons with a shield.


Message History

Okay, then.
You feel very mighty all of a sudden.
* * * LOW HITPOINT WARNING * * *
You feel sick. The adder bites you but does no damage.
You puncture the adder!
You kill the adder!
* * * LOW HITPOINT WARNING * * *
You feel sick.
You are no longer poisoned.
Your shield and scale mail prevent you from hitting the kobold.
The kobold hits you but does no damage. x2
You barely miss the kobold.
The giant cockroach bites you but does no damage.
The kobold hits you but does no damage. You block the giant cockroach's attack.
You puncture the kobold!
You kill the kobold!
The giant cockroach bites you but does no damage.
The giant cockroach barely misses you.
You puncture the worm!
The worm is severely wounded.
The giant cockroach closely misses you. You block the worm's attack.
Your shield prevents you from hitting the worm.
The worm is severely wounded.
You block the giant cockroach's attack.
You barely miss the worm.
The worm is severely wounded.
The giant cockroach bites you but does no damage.
You block the giant cockroach's attack. You block the worm's attack.
You hit the worm.
The worm is severely wounded.
You block the giant cockroach's attack. The worm closely misses you.
The giant cockroach bites you but does no damage.
You puncture the worm!
You kill the worm!
You block the giant cockroach's attack.
You hit the endoplasm.
The endoplasm is heavily wounded.
You block the giant cockroach's attack. The endoplasm hits you.
You die...
Your body glows slightly and disappears.

...............
..........#....
............#
......=....#
...........#####
...............#
#####.#....##...#.###..
............####JB#
.###........## #@##
.###.........###.######
...#..................#
.............###.######
.............###.#
...<..........##.#
............#..#.#
....##########.#.###
.....# #......#


You could see an endoplasm and a giant cockroach.

Vanquished Creatures
  An adder (D:2)
  2 worms (D:2)
  3 endoplasms (D:1)
  2 giant cockroaches (D:1)
  3 goblins (D:1)
  A hobgoblin (D:1)
  2 jackals (D:1)
  3 kobolds
  3 ball pythons (D:1)
  3 bats
  2 frilled lizards (D:1)
  3 rats (D:1)
28 creatures vanquished.

Notes
Turn   | Place    | Note
-------+----------+-------------------------------------------
     0 | D:1      | Delamore the Formicid Fighter began the quest for the Orb.
     0 | D:1      | Reached XP level 1. HP: 18/18 MP: 1/1
   109 | D:1      | Reached XP level 2. HP: 23/24 MP: 2/2
   334 | D:1      | Found a faded altar of an unknown god.
   359 | D:1      | Became a worshipper of Nemelex Xobeh the Trickster
   359 | D:1      | Reached * piety under Nemelex Xobeh
   493 | D:1      | Reached XP level 3. HP: 30/30 MP: 3/3
   876 | D:2      | Received a gift from Nemelex Xobeh
   911 | D:2      | HP: 1/30 [poisoned by an adder]
   920 | D:2      | Slain by an endoplasm

Illustrated notes

Levels and vault maps discovered:
D:1:      eino_arrival_water_star, layout_basic,
          chequers_ecumenical_altar_island
D:2:      layout_rooms, basic_altar, serial_shops,
          nicolae_shop_temple_entry_statues_fountains, uniq_natasha

Skill      XL: |  1  2  3 |
---------------+----------+-----
Polearms       | 3 |  3.3
Fighting       | |  3.9
Armour         | |  3.2
Shields        | |  3.6

Action                   || total
-------------------------++-------
Melee: Trident           ||    85
  Use: Scroll            ||     1
       Potion            ||     1
Armor: Scale mail        ||    31
Dodge: Dodged            ||    26
Block: Kite shield       ||    43

Table legend: (Time is in decaauts)
 A = Elapsed time spent in this place.
 B = Non-inter-level travel time spent in this place.
 C = Inter-level travel time spent in this place.
 D = Time resting spent in this place.
 E = Time spent auto-exploring this place.
 F = Levels seen in this place.
 G = Mean time per level.
                   A        B        C        D        E       F      G
               +--------+--------+--------+--------+--------+-----+--------+
         Total |    954 |    928 |     26 |      0 |    733 |   2 |  477.0 |
       Dungeon |    954 |    928 |     26 |      0 |    733 |   2 |  477.0 |
               +--------+--------+--------+--------+--------+-----+--------+

Top non-repeatable levels by time:
     D:1: 863 daAuts
     D:2: 90 daAuts
